 Dungeon Crawl Stone Soup version 0.31-a0-321-g19405a7a6a (webtiles) character file.

Game seed: 2872131335317337141

492 LeprechaunX the Changeling (level 7, -6/46 HPs)
             Began as an Octopode Shapeshifter on July 17, 2023.
             Mangled by a sleepcap (9 damage)
             ... on level 5 of the Dungeon.
             The game lasted 00:05:12 (2987 turns).

LeprechaunX the Changeling (Octopode Shapeshifter)  Turns: 2987, Time: 00:05:13

Health: -6/46      AC:  1    Str: 16    XL:     7   Next: 14%
Magic:  7/7        EV:  2    Int: 10    God:
Gold:   191        SH:  0    Dex: 13    Spells: 6/6 levels left

rFire   . . .        q - +1 spear (heavy)
rCold   . . .        (no shield)
rNeg    . . .        (helmet currently unavailable)
rPois   +            (no amulet)
rElec   .            o - ring of resist corrosion
rCorr   +            p - ring of poison resistance
SInv    .            (no ring)
Will    .....        (no ring)
Stlth   ++           (no ring)
HPRegen 0.27/turn    (no ring)
MPRegen 0.10/turn    (no ring)
                     (no ring)

%: no passive effects
@: beast-form, sleeping
A: beast (slay +3), almost no armour, amphibious, 8 rings, camouflage 1,
gelatinous body 1, (nimble swimmer 1), tentacles
a: Begin Untransformation


You were on level 5 of the Dungeon.
You were a hulking beast.
You visited 2 branches of the dungeon, and saw 6 of its levels.

You collected 191 gold pieces.

Inventory:

Hand Weapons
 q - a +1 heavy spear (weapon)
Missiles
 e - 12 poisoned darts
Jewellery
 o - a ring of resist corrosion (left tentacle)
 p - a ring of poison resistance (right tentacle)
Talismans
 b - a beast talisman
Scrolls
 i - a scroll of teleportation {unknown}
 j - 2 scrolls of vulnerability {unknown}
 k - 2 scrolls of noise {unknown}
 m - 2 scrolls of enchant weapon {unknown}
 r - 2 scrolls of identify {unknown}
 s - a scroll of torment {unknown}
 t - a scroll of fog {unknown}
 u - a scroll of summoning {unknown}
Potions
 a - a potion of lignification
 c - 4 potions of curing {unknown}
 d - 2 potions of degeneration {unknown}
 f - a potion of resistance {unknown}
 g - a potion of magic {unknown}
 h - 3 potions of haste {unknown}
 l - a potion of brilliance {unknown}
 n - a potion of mutation {unknown}
 v - 2 potions of invisibility {unknown}


   Skills:
 + Level 3.5 Fighting
 + Level 2.4 Polearms
 + Level 3.4 Dodging
 + Level 3.6 Unarmed Combat
 * Level 4.6 Shapeshifting


You had 6 spell levels left.
You didn't know any spells.
Your spell library contained the following spells:

 Spells                   Type           Power      Damage    Failure   Level
 Apportation              Tloc           0%         N/A       36%         1
 Kiss of Death            Conj/Necr      0%         2d5       36%         1
 Necrotise                Necr           0%         1d4       36%         1
 Slow                     Hex            0%         N/A       36%         1
 Summon Small Mammal      Summ           0%         N/A       36%         1
 Ensorcelled Hibernation  Hex/Ice        0%         N/A       50%         2
 Sublimation of Blood     Necr           0%         N/A       50%         2
 Wereblood                Tmut           0%         N/A       50%         2
 Confusing Touch          Hex            0%         N/A       75%         3
 Vampiric Draining        Necr           0%         2d6       75%         3
 Anguish                  Hex/Necr       0%         N/A       98%         4
 Dispel Undead            Necr           0%         3d6       98%         4
 Summon Hydra             Summ           0%         N/A       100%        7


Dungeon Overview and Level Annotations

Branches:
Dungeon (5/15)             Temple (1/1) D:4

Altars:
Ashenzari
Dithmenos
Gozag
Kikubaaqudgha
Makhleb
Nemelex Xobeh
Okawaru
Ru
Vehumet
Wu Jian
Yredelemnul
Zin
The Shining One

Shops:
D:2 [

Annotations:
D:3 3 runed translucent doors, Sabo's ghost, amateur FoMo


Innate Abilities, Weirdness & Mutations

You are a hulking beast.
Your limbs bulge with bestial killing power. (Slay +3)
You cannot wear most types of armour.
You are amphibious.
You can wear up to eight rings at the same time.
Your skin changes colour to match your surroundings (Stealth+).
Your rubbery body absorbs attacks. (AC +1, EV +1)
((You are camouflaged when in or above water. (Stealth+)))
You have tentacles for arms and can constrict up to eight enemies at once.


Message History

There are monsters nearby!
There are monsters nearby!
You puncture the iguana! Your grab misses the iguana.
The iguana is heavily wounded.
The iguana barely misses you. The sleepcap releases spores at you!
The iguana bites you!
You hit the iguana but do no damage. You grab the iguana.
The iguana is heavily wounded.
You constrict the iguana. The iguana bites you.
The sleepcap releases spores at you but does no damage.
You hit the iguana.
The iguana is severely wounded.
You constrict the iguana. The iguana completely misses you.
The sleepcap completely misses you. The iguana barely misses you.
The sleepcap misses you.
You puncture the iguana!
You kill the iguana!
The sleepcap closely misses you.
You hit the sleepcap. You grab the sleepcap.
The sleepcap is lightly damaged.
You constrict the sleepcap. The sleepcap barely misses you.
The sleepcap releases spores at you!
You are engulfed in a cloud of soporific spores!
You fall asleep.
You lose your grip on the sleepcap.
The sleepcap releases spores at you!!
You wake up.
* * * LOW HITPOINT WARNING * * *
You are engulfed in a cloud of soporific spores!
You are unaffected.
You puncture the sleepcap! You grab the sleepcap. You squeeze the sleepcap.
The sleepcap is heavily damaged.
You constrict the sleepcap. The sleepcap barely misses you.
You hit the sleepcap.
The sleepcap is severely damaged.
You constrict the sleepcap. The sleepcap releases spores at you.
* * * LOW HITPOINT WARNING * * *
You are engulfed in a cloud of soporific spores!
You fall asleep.
You lose your grip on the sleepcap.
The sleepcap releases spores at you!
You die...

#. ##+ #.. ..# #...
##..# #...# ###..+.###
#....######....#...##
#..............#....+
#.....f........#....
#......h.......#..#
#########.....##..######
+.....'........#
#.....#........#
#.....#.†......#
###+##.....###'##+###
#....................
#....................
#....................


You could see a sleepcap.

Vanquished Creatures
  A scorpion (D:4)
  4 hounds
  2 orc priests
  An iguana (D:5)
  Jessica (D:3)
  2 orc wizards (D:4)
  3 gnolls
  4 adders
  A worm (D:2)
  3 dart slugs
  11 orcs
  4 bats
  3 endoplasms
  3 giant cockroaches
  3 goblins
  2 hobgoblins
  5 jackals
  4 quokkas
  9 ball pythons
  2 frilled lizards (D:3)
  8 kobolds
  4 rats
80 creatures vanquished.

Notes
Turn   | Place    | Note
-------+----------+-------------------------------------------
     0 | D:1      | LeprechaunX the Octopode Shapeshifter began the quest for
                  | the Orb.
     0 | D:1      | Reached XP level 1. HP: 14/14 MP: 1/1
    95 | D:1      | Reached XP level 2. HP: 14/19 MP: 2/2
   972 | D:2      | Reached XP level 3. HP: 22/24 MP: 3/3
  1129 | D:2      | Found Beygh's Armour Shoppe.
  1320 | D:2      | Reached XP level 4. HP: 30/30 MP: 4/4
  1395 | D:3      | Found an opulent altar of Gozag.
  1577 | D:3      | Noticed Jessica
  1584 | D:3      | Killed Jessica
  1620 | D:3      | Reached skill level 1 in Polearms
  1620 | D:3      | Reached XP level 5. HP: 34/35 MP: 5/5
  2018 | D:3      | Found a runed translucent gate.
  2018 | D:3      | Found a runed translucent gate.
  2018 | D:3      | Found a runed translucent gate.
  2023 | D:3      | Noticed Sabo's ghost (amateur FoMo)
  2123 | D:4      | Reached skill level 4 in Shapeshifting
  2221 | D:4      | Reached XP level 6. HP: 33/42 MP: 6/6
  2367 | D:4      | Found an ornate altar of the Wu Jian Council.
  2424 | D:4      | Found a staircase to the Ecumenical Temple.
  2433 | D:4      | Found an iron altar of Okawaru.
  2453 | Temple   | Entered the Ecumenical Temple
  2746 | D:5      | Entered Level 5 of the Dungeon
  2875 | D:5      | Reached XP level 7. HP: 46/46 MP: 7/7
  2987 | D:5      | Mangled by a sleepcap

Illustrated notes

Levels and vault maps discovered:
D:1:      elethiomel_arrival_shortcut, layout_loops_ring
D:2:      layout_rooms, serial_shops, nicolae_shop_trees, minmay_cupped
D:3:      layout_basic, nicolae_gozag_cash_rules_everything_around_me,
          gammafunk_ghost_necromancy, uniq_jessica
D:4:      layout_rooms, mainiacjoe_overflow_cross_hatched,
          mainiacjoe_overflow_alcove_1, temple_fountains,
          kennysheep_generic_room_8
D:5:      layout_gridville, mainiacjoe_overflow_two_lobes,
          dreamdust_princess_corridor, minmay_increasing_density
Temple:   jpeg_temple_alley_garden

Skill      XL: |  1  2  3  4  5  6 |
---------------+-------------------+-----
Polearms       | 1 2 |  2.4
Fighting       | 3 |  3.5
Unarmed Combat | 3 |  3.6
Shapeshifting  | 4 |  4.6
Dodging        | 3 |  3.4

Action                     |  1- 3 |  4- 6 |  7- 9 || total
---------------------------+-------+-------+-------++-------
  Melee: Unarmed           |    36 |       |       ||    36
         Tentacles         |    12 |    11 |     2 ||    25
         Constrict         |     9 |    14 |     3 ||    26
         Punch             |     1 |     2 |       ||     3
         Spear             |     5 |    83 |    12 ||   100
   Stab: Sleeping          |     8 |     5 |       ||    13
 Armour: Skin              |     1 |     7 |     2 ||    10
  Dodge: Dodged            |    27 |    49 |    10 ||    86

Table legend: (Time is in decaauts)
 A = Elapsed time spent in this place.
 B = Non-inter-level travel time spent in this place.
 C = Inter-level travel time spent in this place.
 D = Time resting spent in this place.
 E = Time spent auto-exploring this place.
 F = Levels seen in this place.
 G = Mean time per level.
                   A        B        C        D        E       F      G
               +--------+--------+--------+--------+--------+-----+--------+
         Total |   3038 |   2748 |    290 |     49 |   2163 |   6 |  506.3 |
       Dungeon |   2955 |   2734 |    221 |     49 |   2151 |   5 |  591.0 |
        Temple |     82 |     13 |     69 |      0 |     12 |   1 |   82.0 |
               +--------+--------+--------+--------+--------+-----+--------+

Top non-repeatable levels by time:
     D:3: 777 daAuts
     D:1: 776 daAuts
     D:4: 673 daAuts
     D:2: 575 daAuts
     D:5: 152 daAuts
  Temple: 82 daAuts
